 Dungeon Crawl Stone Soup version 0.20.1-1-g8b1a95d (webtiles) character file.

167 vishdafish the Shield-Bearer (level 5, -4/33 HPs)
             Began as a Gargoyle Fighter on July 6, 2017.
             Slain by Menkaure (5 damage)
             ... on level 4 of the Dungeon.
             The game lasted 00:03:02 (2591 turns).

vishdafish the Shield-Bearer (Gargoyle Fighter)     Turns: 2591, Time: 00:03:03

Health: -4/33      AC: 11    Str: 24    XL:     5   Next: 48%
Magic:  5/5        EV:  8    Int: 13    God:
Gold:   112        SH: 10    Dex: 10    Spells: 4/4 levels left

rFire    . . .     SeeInvis .   a - +0 trident
rCold    . . .     Gourm    .   c - +0 shield
rNeg     + . .     Faith    .   b - +0 scale mail
rPois    ∞         Spirit   .   (no helmet)
rElec    +         Reflect  .   (no cloak)
rCorr    .         Harm     .   (no gloves)
MR       .....                  (no boots)
Stlth    ..........             (no amulet)
Regen    0.2/turn               (no ring)
MPRegen  0.1/turn               (no ring)

@: mighty
A: clever 2, negative energy resistance 1, electricity resistance, unbreathing,
petrification resistance, rot immunity, AC +4
a: no special abilities


You were on level 4 of the Dungeon.
You were very hungry.

You visited 1 branch of the dungeon, and saw 4 of its levels.

You collected 112 gold pieces.

Inventory:

Hand Weapons
 a - a +0 trident (weapon)
Armour
 b - a +0 scale mail (worn)
 c - a +0 shield (worn)
Scrolls
 h - 2 scrolls of teleportation {unknown}
 i - 4 scrolls of remove curse {unknown}
 k - 2 scrolls of enchant weapon {unknown}
 o - a scroll of random uselessness {unknown}
 p - a scroll of magic mapping {unknown}
 r - a scroll of amnesia {unknown}
 s - 2 scrolls of noise {unknown}
 t - 3 scrolls of identify {unknown}
 u - a scroll of fog {unknown}
 w - a scroll of recharging {unknown}
Potions
 e - 2 potions of mutation
 g - a potion of curing {unknown}
 l - a potion of brilliance {unknown}
 m - a potion of agility {unknown}
 n - a potion of lignification {unknown}
 q - a potion of heal wounds {unknown}
Comestibles
 f - a bread ration
 j - a meat ration
 v - 4 fruits


   Skills:
 + Level 4.1 Fighting
 + Level 3.1 Polearms
 + Level 3.9 Armour
 + Level 0.8 Dodging
 + Level 4.3 Shields


You had 4 spell levels left.
You didn't know any spells.

Dungeon Overview and Level Annotations

Branches:
Dungeon (4/15)
 Temple: D:4-7

Altars:
Sif Muna
Vehumet
The Shining One

Annotations:
D:4 Menkaure


Innate Abilities, Weirdness & Mutations

You are resistant to torment.
Your stone body is resilient. (AC +4)
You are immune to poison.
You resist negative energy. (rN+)
You are resistant to electric shocks. (rElec)
You can survive without breathing.
You are immune to petrification.
You are immune to rotting.
Your mind is very acute. (Int +4)


Message History

Menkaure hits you!
* * * LOW HITPOINT WARNING * * *
You are too injured to fight recklessly!
You are too injured to fight recklessly!
You are too injured to fight recklessly!
You are too injured to fight recklessly!
You are too injured to fight recklessly!
You are too injured to fight recklessly!
You are too injured to fight recklessly!
You are too injured to fight recklessly!
It was a potion of mutation.
You feel extremely strange.
You feel clever. x2
Menkaure completely misses you.
You feel very mighty all of a sudden. Menkaure closely misses you.
Menkaure hits you.
* * * LOW HITPOINT WARNING * * *
You puncture Menkaure!
Menkaure is almost destroyed.
Menkaure hits you.
You die...

# #.# # #.# ###
#
#######.##...#
# ........)..#
#
#######.##...#
## #######.#
.## .
#.......## # #
.....#....# #
#..#...#.@#
.#..?#...#M...#
...#...#...#..#
.#...#...#.. .#
.#...#...#. #
#...#...#....
#.. #!..# ## .#
.. ..


You could see Menkaure.

Vanquished Creatures
  A centaur skeleton (D:4)
  A gnoll (D:1)
  3 adders
  A worm (D:2)
  4 dart slugs
  4 leopard geckos
  4 orcs (D:3)
  9 bats
  4 giant cockroaches
  10 hobgoblins
  6 jackals
  A ball python (D:2)
  5 frilled lizards
  11 goblins
  8 kobolds
  5 rats
77 creatures vanquished.

Notes
Turn   | Place    | Note
-------+----------+-------------------------------------------
     0 | D:1      | vishdafish the Gargoyle Fighter began the quest for the Orb.
     0 | D:1      | Reached XP level 1. HP: 14/14 MP: 1/1
   349 | D:1      | Reached XP level 2. HP: 17/19 MP: 2/2
   566 | D:1      | Reached XP level 3. HP: 24/24 MP: 3/3
   738 | D:2      | Found a radiant altar of Vehumet.
   850 | D:2      | Found a glowing golden altar of the Shining One.
   866 | D:2      | Reached XP level 4. HP: 17/29 MP: 4/4
  1177 | D:2      | Found a deep blue altar of Sif Muna.
  1969 | D:3      | Reached XP level 5. HP: 33/33 MP: 5/5
  2580 | D:4      | Noticed Menkaure
  2589 | D:4      | Gained mutation: Your mind is acute. (Int +2) [potion of mutation]
  2589 | D:4      | Gained mutation: Your mind is very acute. (Int +4) [potion of mutation]
  2590 | D:4      | HP: 1/33 [Menkaure (3)]
  2591 | D:4      | Slain by Menkaure

Skill      XL: |  1  2  3  4  5 |
---------------+----------------+-----
Polearms       | 2 3 |  3.1
Fighting       | 4 |  4.1
Shields        | 4 |  4.3
Armour         | |  3.9
Dodging        | |  0.8

Action                   |  1- 3 |  4- 6 || total
-------------------------+-------+-------++-------
Melee: Trident           |   113 |   210 ||   323
  Use: Potion            |       |     2 ||     2
  Eat: Chunk             |       |     5 ||     5
Armor: Scale mail        |    43 |    90 ||   133
Dodge: Dodged            |    30 |    67 ||    97
Block: Shield            |    43 |   102 ||   145
